 Dungeon Crawl Stone Soup version 0.25.1-8-g42b30a86e7 (webtiles) character file.

Game seed: 11275411967378970888

60 Gabide the Skirmisher (level 4, -2/37 HPs)
             Began as a Human Abyssal Knight on Dec 5, 2020.
             Was a Follower of Lugonu.
             Slain by an adder (3 damage)
             ... on level 2 of the Dungeon.
             The game lasted 00:03:19 (1057 turns).

Gabide the Skirmisher (Human Abyssal Knight)        Turns: 1057, Time: 00:03:19

Health: -2/37      AC:  5    Str: 11 (13) XL:     4   Next: 24%
Magic:  5/5        EV: 10    Int: 11 (12) God:    Lugonu [*.....]
Gold:   32         SH:  0    Dex: 10 (13) Spells: 3/3 levels left

rFire    . . .     SeeInvis .   a - +1 spear
rCold    . . .     Gourm    .   (no shield)
rNeg     . . .     Faith    .   e - +0 ring mail
rPois    .         Spirit   .   (no helmet)
rElec    .         Reflect  .   (no cloak)
rCorr    .         Harm     .   (no gloves)
MR       .....                  (no boots)
Stlth    ..........             (no amulet)
HPRegen  0.12/turn              (no ring)
MPRegen  0.09/turn              (no ring)

@: lethally poisoned (-2 -> -4), flying
A: no striking features
a: Depart the Abyss, Renounce Religion


You were on level 2 of the Dungeon.
You worshipped Lugonu.
Lugonu was aware of your devotion.
You were hungry.

You visited 1 branch of the dungeon, and saw 2 of its levels.
You visited the Abyss 1 time.

You collected 32 gold pieces.

Inventory:

Hand Weapons
 a - a +1 spear (weapon)
Armour
 e - a +0 ring mail (worn)
Scrolls
 i - 2 scrolls of magic mapping
Potions
 f - 2 potions of brilliance
 k - a potion of curing {unknown}
Comestibles
 c - 2 rations
 h - a chunk of flesh


   Skills:
 + Level 3.7 Fighting
 + Level 2.7 Polearms
 + Level 2.6 Armour
 + Level 1.0 Dodging
 + Level 2.4 Invocations


You had 3 spell levels left.
You didn't know any spells.
Your spell library was empty.

Dungeon Overview and Level Annotations

Branches:
Dungeon (2/15)

Altars:


Message History

* * * LOW HITPOINT WARNING * * *
You are poisoned.
The adder poisons you!
You closely miss the adder.
The adder is moderately wounded.
You are feeling hungry.
You feel sick. The adder bites you.
* * * LOW HITPOINT WARNING * * *
It was a potion of degeneration.
There was something very wrong with that liquid.
You feel weakened.
You feel dopey.
You feel clumsy. The adder barely misses you.
It was a potion of flight.
You feel very buoyant.
You fly up into the air.
The adder bites you.
* * * LOW HITPOINT WARNING * * *
It was a potion of magic.
Magic courses through your body.
* * * LOW HITPOINT WARNING * * *
You feel sick. The adder bites you.
You die...

...... ...#....... #...#.#..##
#.........# ## #.).#.#..#
.##..#...#..# .. #.####...#.#..#
............
##.#........#.#..#####......#.S#
....... #...#.#.................
####.## #...#.##........÷...# #
#.# #...#...#######...#.##.# #
#.# #.......@S..............
####.####....................#.#
..........#.#.#.###.#.##..#..#
###....†........# #.#.##..#..#
............#.### #.#.##.......
......###.#.#... #.#.##..#..###
............#.... .......>...#
......###.#.#.#.# #.#.##..#....
......# #.#.# #.... ..#. ##


You could see an adder.

Vanquished Creatures
  4 adders (D:2)
  A leopard gecko (D:2)
  2 giant cockroaches (D:1)
  A goblin (D:2)
  4 hobgoblins
  3 bats (D:1)
  2 frilled lizards (D:1)
  6 kobolds
  4 rats (D:1)
27 creatures vanquished.

Notes
Turn   | Place    | Note
-------+----------+-------------------------------------------
     0 | Abyss:1  | Gabide the Human Abyssal Knight began the quest for the
                  | Orb.
     0 | Abyss:1  | Reached XP level 1. HP: 18/18 MP: 2/2
    11 | Abyss:1  | Found a corrupted altar of Lugonu.
    54 | Abyss:1  | Noticed a small abomination
    60 | D:1      | Escaped the Abyss
   212 | D:1      | Reached XP level 2. HP: 24/24 MP: 3/3
   335 | D:1      | Reached * piety under Lugonu
   827 | D:2      | Reached XP level 3. HP: 26/29 MP: 4/4
   976 | D:2      | Found a faded altar of an unknown god.
  1013 | D:2      | Reached XP level 4. HP: 26/36 MP: 5/5
  1057 | D:2      | HP: 1/37 [poisoned by an adder]
  1057 | D:2      | Slain by an adder

Illustrated notes

Levels and vault maps discovered:
D:1:      dpeg_arrival_tiny_k, layout_basic, minmay_tetromino_i2
D:2:      layout_basic, lemuel_crystal_altar, chequers_ecumenical_altar_simple,
          uniq_sigmund

Action                   |  1- 3 |  4- 6 || total
-------------------------+-------+-------++-------
Melee: Spear             |    70 |    10 ||    80
Invok: Depart the Abyss  |     1 |       ||     1
  Use: Scroll            |     3 |       ||     3
       Potion            |       |     3 ||     3
Armor: Ring mail         |    24 |     1 ||    25
Dodge: Dodged            |    30 |     4 ||    34
